AoeStats
← DonphanJoey

Arabia

509453834Analyzed
1v1 RM · 5d ago on Sep 26, 2026· 49m 37s· 2 players
Game mode
Random Map
Map size
Tiny (2 player)
Population
200
Speed
Normal
Resources
Standard
Victory
Conquest
Starting age
Dark Age
Ending age
Imperial Age
RankedLock teamsTeams togetherTeam positionsShared explorationLock speedFull tech treeHidden civsTurbo modeCheats
Victory
Defeat
🇬🇧 Ethiopians · United Kingdom
976
+15
🇮🇹 Bulgarians · Italy
953
-15
MarCelo
7:50 Loom
10:55 Feudal Age
11:47 Double-Bit Axe
11:45 Horse Collar
17:58 Bloodlines
20:27 Castle Age
19:29 Scale Barding Armor
19:36 Forging
22:20 Iron Casting
21:46 Scale Mail Armor
23:04 Light Cavalry
25:17 Heavy Plow
28:53 Wheelbarrow
28:04 Town Watch
30:14 Bow Saw
30:24 Elite Skirmisher
31:11 Padded Archer Armor
31:01 Fletching
33:43 Hand Cart
33:32 Gold Mining
34:00 Bodkin Arrow
36:53 Leather Archer Armor
36:59 Chain Barding Armor
40:59 Imperial Age
38:50 Chain Mail Armor
39:49 Stirrups
41:49 Elite Konnik
42:44 Bracer
43:45 Ballistics
44:32 Chemistry
46:05 Thumb Ring
46:59 Pikeman
48:47 Hussar
DonphanJoey
7:16 Loom
9:32 Feudal Age
10:44 Horse Collar
10:52 Double-Bit Axe
22:24 Castle Age
21:55 Stone Mining
22:38 Gold Mining
23:16 Bow Saw
23:11 Heavy Plow
23:56 Stone Shaft Mining
23:00 Crossbowman
23:45 Thumb Ring
23:34 Fletching
23:45 Padded Archer Armor
24:48 Bodkin Arrow
29:17 Wheelbarrow
29:19 Leather Archer Armor
30:08 Gold Shaft Mining
31:39 Hand Cart
31:48 Town Watch
36:37 Imperial Age
34:42 Scale Barding Armor
34:47 Forging
35:20 Husbandry
35:23 Light Cavalry
37:08 Ballistics
37:26 Arbalester
39:18 Two-Man Saw
39:19 Conscription
40:03 Chain Barding Armor
40:08 Town Patrol
40:53 Bracer
41:28 Iron Casting
41:25 Ring Archer Armor
43:29 Hussar
45:13 Blast Furnace
Connection lost

Rejoining the realm…

Still unreachable

The connection could not be restored.

Session expired

The server has moved on; the page needs a fresh start.